 Dungeon Crawl Stone Soup version 0.29.0-4-gdea44cf6ec (webtiles) character file.

Game seed: 930725764995384828

1442 qw the Cleaver (level 8, -1/59 (64) HPs)
             Began as a Barachi Chaos Knight on Sept 6, 2022.
             Was a Believer of Okawaru.
             Slain by a wight
             ... wielding a +5 battleaxe of freezing
              (12 damage)
             ... on level 6 of the Dungeon.
             The game lasted 00:02:56 (7023 turns).

qw the Cleaver (Barachi Chaos Knight)               Turns: 7023, Time: 00:02:56

HP:   -1/59 (64)    AC: 16    Str: 15      XL:     8   Next: 74%
MP:   9/11          EV:  8    Int: 12      God:    Okawaru [**....]
Gold: 240           SH:  0    Dex:  8 (9)  Spells: 7/7 levels left

rFire   . . .      SeeInvis .   Y - +3 war axe
rCold   . . .      Faith    .   (no shield)
rNeg    . . .      Spirit   .   d - +0 chain mail
rPois   +          Reflect  .   j - +0 helmet
rElec   .          Harm     .   (no cloak)
rCorr   .          Rampage  .   b - +2 pair of gloves
Will    .....                   (no boots)
Stlth   ..........              (no amulet)
HPRegen 0.19/turn               (no ring)
MPRegen 0.12/turn               (no ring)

@: heroic, drained, unable to drink, slow
A: amphibious, slowness 1, strong legs 1, +LOS, clumsy 1, dopey 1, poison
resistance, no potion heal 1, inability to drink after injury 1
a: Hop, Renounce Religion, Heroism


You were on level 6 of the Dungeon.
You worshipped Okawaru.
Okawaru was pleased with you.
You visited 2 branches of the dungeon, and saw 7 of its levels.

You collected 361 gold pieces.
You spent 121 gold pieces at shops.


Innate Abilities, Weirdness & Mutations

You are amphibious.
You cover ground slowly.
You can hop short distances.
You have an extended range of vision and can be seen from far away.
You are clumsy. (Dex -2)
You are dopey. (Int -2)
Your system is resistant to poisons. (rPois)
Potions are less effective at restoring your health.
You occasionally lose the ability to drink potions when taking damage.


   Skills:
 - Level 6.0(11.0) Fighting
 + Level 9.1(14.1) Axes
 - Level 1.2(6.2) Throwing
 - Level 4.4(9.4) Armour
 - Level 1.1(6.1) Dodging
 - Level 4.1 Invocations


You had 7 spell levels left.
You didn't know any spells.
Your spell library was empty.

Inventory:

Hand Weapons
 e - a +2 flail of draining
 Y - a +3 war axe (weapon)
Armour
 b - a +2 pair of gloves (worn)
 d - a +0 chain mail (worn)
 j - a +0 helmet (worn)
Scrolls
 a - 2 scrolls of identify
Potions
 f - 2 potions of might
 i - a potion of resistance
 m - 2 potions of curing
 p - a potion of cancellation {unknown}
 q - a potion of lignification {unknown}
Miscellaneous
 c - a piece from Xom's chessboard (15/15)

Dungeon Overview and Level Annotations

Branches:
Dungeon (6/15)             Temple (1/1) D:4

Altars:
Cheibriados
Elyvilon
Fedhas
Gozag
Kikubaaqudgha
Makhleb
Nemelex Xobeh
Okawaru
Qazlal
Ru
Sif Muna
Trog
Uskayaw
Wu Jian
Zin
The Shining One
Lugonu

Shops:
D:3 *   D:5 *


Message History

You destroy the wight!
Okawaru accepts your kill.
Your Fighting skill increases to level 6!
You start resting.
HP restored.
A wight comes into view.
It is wielding a +5 battleaxe of freezing.
Things that are here:
a +2 long sword; a +0 robe You barely miss the wight.
The wight hits you with a +5 battleaxe of freezing.
The wight freezes you.
You hit the wight.
The wight is lightly damaged.
The wight hits you with a +5 battleaxe of freezing.
The wight freezes you.
You closely miss the wight.
The wight is lightly damaged.
The wight hits you with a +5 battleaxe of freezing.
You feel drained. The wight freezes you.
You barely miss the wight.
The wight is lightly damaged.
The wight hits you with a +5 battleaxe of freezing!
The wight freezes you.
7019 ||| INVOKING Heroism.
You gain the combat prowess of a mighty hero.
The wight hits you but does no damage.
You hit the wight.
The wight is lightly damaged.
The wight hits you with a +5 battleaxe of freezing!
You feel threatened and lose the ability to drink potions!
The wight freezes you.
You closely miss the wight.
The wight is lightly damaged.
You barely miss the wight.
The wight is lightly damaged.
The wight barely misses you.
You closely miss the wight.
The wight is lightly damaged.
The wight hits you with a +5 battleaxe of freezing!
You die...

...
#................#.
#..#
................# #
#...
.......#.......# #
.!...
......##..#...#
....
#.....##..##..# ##
#..#
..#..##.####.###.
#..##.#...#.#
##.... #..$.#.....#
##.## ##z@......##
#.##
..##......).).#
##.##
........)))####..#
#..#. ##.######.##
#....#... # #.#
.g..##.. #.#
.g###.. ..# ..# #..
##. .# #.. . gg #..


You could see a wight.

Vanquished Creatures
  2 black bears (D:5)
  3 ice beasts (D:5)
  2 ogres
  2 centaurs (D:5)
  A bullfrog (D:5)
  Blork the orc (D:5)
  A wight (D:6)
  A howler monkey (D:5)
  2 jellies (D:5)
  3 hounds
  A gnoll bouda (D:6)
  An orc wizard (D:4)
  10 adders
  5 gnolls (D:6)
  An ufetubus (D:4)
  4 worms
  2 dart slugs
  6 orcs
  6 bats
  10 endoplasms
  7 goblins
  8 hobgoblins
  4 jackals (D:4)
  6 quokkas
  9 ball pythons
  7 frilled lizards
  6 kobolds
  2 rats
113 creatures vanquished.

Vanquished Creatures (collateral kills)
  A ball python (D:1)
  A rat (D:1)
2 creatures vanquished.

Vanquished Creatures (others)
  A ball python zombie (D:1)
1 creature vanquished.

Grand Total: 116 creatures vanquished

Notes
Turn   | Place    | Note
-------+----------+-------------------------------------------
     0 | D:1      | qw the Barachi Chaos Knight began the quest for the Orb.
     0 | D:1      | Reached XP level 1. HP: 18/18 MP: 1/1
     0 | D:1      | 0 ||| qw: Version: 0.1-a-107-g9ff403c
     0 | D:1      | 0 ||| qw: Game counter: 6068
     0 | D:1      | 0 ||| qw: Always use a shield: true
     0 | D:1      | 0 ||| qw: God list: Okawaru
     0 | D:1      | 0 ||| qw: Allow faded altars: false
     0 | D:1      | 0 ||| qw: Do Orc after D:15 true
     0 | D:1      | 0 ||| qw: Do second Lair branch before Depths: true
     0 | D:1      | 0 ||| qw: Lair rune preference: random
     0 | D:1      | 0 ||| qw: Plans: Normal
     0 | D:1      | 0 ||| PLANNING D:1-11
     0 | D:1      | Fell from the grace of Xom
    14 | D:1      | 14 ||| Stepping ~*~*~tactically~*~*~ (stealth).
    16 | D:1      | 16 ||| Stepping ~*~*~tactically~*~*~ (stealth).
   272 | D:1      | 272 ||| Stepping ~*~*~tactically~*~*~ (stealth).
   274 | D:1      | Reached XP level 2. HP: 23/24 MP: 2/2
   284 | D:1      | Reached skill level 4 in Axes
   292 | D:1      | XOM: chaos cloud
   293 | D:1      | 293 ||| Stepping ~*~*~tactically~*~*~ (cloud).
   407 | D:1      | XOM: give mutations
   407 | D:1      | Gained mutation: Your muscles are strong. (Str +4, Int/Dex
                  | -1) [Xom's grace]
   407 | D:1      | Gained mutation: Your flesh is cold resistant. (rC+) [Xom's
                  | grace]
   580 | D:1      | 580 ||| Stepping ~*~*~tactically~*~*~ (stealth).
   603 | D:1      | 603 ||| Stepping ~*~*~tactically~*~*~ (stealth).
   615 | D:1      | Reached XP level 3. HP: 27/29 MP: 3/3
   657 | D:1      | Found a faded altar of an unknown god.
   839 | D:1      | 839 ||| Stepping ~*~*~tactically~*~*~ (stealth).
   848 | D:1      | 848 ||| Stepping ~*~*~tactically~*~*~ (stealth).
   956 | D:1      | 956 ||| Stepping ~*~*~tactically~*~*~ (stealth).
   958 | D:1      | 958 ||| Stepping ~*~*~tactically~*~*~ (stealth).
  1038 | D:1      | 1038 ||| UPGRADING to +0 chain mail.
  1048 | D:1      | 1048 ||| DROPPING +2 leather armour.
  1049 | D:1      | 1049 ||| UPGRADING to +0 helmet.
  1054 | D:1      | 1054 ||| READING scroll labelled GIUTAUPTEI.
  1055 | D:1      | 1055 ||| READING scroll labelled CAOXIVV JAOKH.
  1056 | D:1      | 1056 ||| DRINKING 2 viscous yellow potions.
  1113 | D:2      | 1113 ||| Stepping ~*~*~tactically~*~*~ (stealth).
  1127 | D:2      | Reached skill level 5 in Axes
  1196 | D:2      | Reached XP level 4. HP: 28/36 MP: 4/4
  1722 | D:2      | 1722 ||| SWAPPING to +0 war axe.
  1723 | D:2      | 1723 ||| DROPPING +0 hand axe of chaos.
  1776 | D:2      | 1776 ||| FLEEEEING.
  1787 | D:2      | XOM: give mutations
  1787 | D:2      | Gained mutation: Armour fits poorly on your strangely
                  | shaped body. [Xom's mischief]
  1787 | D:2      | Gained mutation: You are clumsy. (Dex -2) [Xom's mischief]
  1787 | D:2      | Lost mutation: Your flesh is cold resistant. (rC+) [Xom's
                  | mischief]
  1787 | D:2      | Lost mutation: Your muscles are strong. (Str +4, Int/Dex
                  | -1) [Xom's mischief]
  1879 | D:2      | 1879 ||| Stepping ~*~*~tactically~*~*~ (stealth).
  1880 | D:2      | 1880 ||| Stepping ~*~*~tactically~*~*~ (stealth).
  2204 | D:2      | 2204 ||| UPGRADING to +0 pair of gloves.
  2209 | D:2      | 2209 ||| READING scroll labelled ISUN WURHENN.
  2210 | D:2      | 2210 ||| READING scroll labelled SUGOCE KOSEX.
  2211 | D:2      | 2211 ||| DRINKING 3 yellow potions.
  2212 | D:2      | 2212 ||| READING 4 scrolls of identify.
  2212 | D:2      | 2212 ||| IDENTIFYING green potion
  2213 | D:2      | 2213 ||| READING 3 scrolls of identify.
  2213 | D:2      | 2213 ||| IDENTIFYING gluggy blue potion
  2214 | D:2      | 2214 ||| DROPPING potion of ambrosia.
  2228 | D:3      | 2228 ||| Stepping ~*~*~tactically~*~*~ (stealth).
  2284 | D:3      | 2284 ||| Stepping randomly (stuck).
  2285 | D:3      | 2285 ||| Stepping ~*~*~tactically~*~*~ (stealth).
  2286 | D:3      | 2286 ||| Stepping randomly (stuck).
  2287 | D:3      | 2287 ||| Stepping randomly (stuck).
  2288 | D:3      | 2288 ||| Stepping randomly (stuck).
  2296 | D:3      | 2296 ||| Stepping randomly (stuck).
  2297 | D:3      | 2297 ||| Stepping randomly (stuck).
  2298 | D:3      | 2298 ||| Stepping randomly (stuck).
  2299 | D:3      | 2299 ||| Stepping randomly (stuck).
  2300 | D:3      | 2300 ||| Stepping randomly (stuck).
  2301 | D:3      | 2301 ||| Stepping randomly (stuck).
  2302 | D:3      | 2302 ||| Stepping randomly (stuck).
  2303 | D:3      | 2303 ||| Stepping randomly (stuck).
  2304 | D:3      | 2304 ||| Stepping randomly (stuck).
  2306 | D:3      | 2306 ||| Stepping randomly (stuck).
  2308 | D:3      | 2308 ||| Stepping randomly (stuck).
  2309 | D:3      | 2309 ||| Stepping randomly (stuck).
  2310 | D:3      | 2310 ||| Stepping randomly (stuck).
  2311 | D:3      | 2311 ||| Stepping randomly (stuck).
  2312 | D:3      | 2312 ||| Stepping randomly (stuck).
  2313 | D:3      | 2313 ||| Stepping randomly (stuck).
  2314 | D:3      | 2314 ||| Stepping randomly (stuck).
  2315 | D:3      | 2315 ||| Stepping randomly (stuck).
  2316 | D:3      | 2316 ||| Stepping randomly (stuck).
  2317 | D:3      | 2317 ||| Stepping randomly (stuck).
  2318 | D:3      | 2318 ||| Stepping randomly (stuck).
  2338 | D:3      | Reached skill level 6 in Axes
  2418 | D:3      | Found an opulent altar of Gozag.
  2441 | D:3      | Found a glowing silver altar of Zin.
  2451 | D:3      | Found Etzad's Assorted Antiques.
  2464 | D:3      | 2464 ||| BUYING scroll labelled KEFITA FIHAM (21 gold).
  2464 | D:3      | Bought a scroll labelled KEFITA FIHAM for 21 gold pieces
  2464 | D:3      | 2464 ||| BUYING scroll labelled MAASTR KONAR (21 gold).
  2464 | D:3      | Bought a scroll labelled MAASTR KONAR for 21 gold pieces
  2464 | D:3      | 2464 ||| BUYING scroll labelled MOH KOMIPLE (21 gold).
  2464 | D:3      | Bought a scroll labelled MOH KOMIPLE for 21 gold pieces
  2464 | D:3      | 2464 ||| BUYING scroll labelled URYUPU ZUNON (21 gold).
  2464 | D:3      | Bought a scroll labelled URYUPU ZUNON for 21 gold pieces
  2490 | D:3      | 2490 ||| Stepping ~*~*~tactically~*~*~ (stealth).
  2496 | D:3      | 2496 ||| DROPPING +0 club.
  2517 | D:3      | Reached XP level 5. HP: 41/41 MP: 5/5
  2518 | D:3      | 2518 ||| Stepping ~*~*~tactically~*~*~ (stealth).
  2519 | D:3      | 2519 ||| Stepping ~*~*~tactically~*~*~ (stealth).
  2771 | D:3      | 2771 ||| READING scroll labelled KEFITA FIHAM.
  2818 | D:3      | XOM: give mutations
  2818 | D:3      | Gained mutation: Your spells are a little easier to cast,
                  | but a little less powerful. [Xom's mischief]
  2818 | D:3      | Gained mutation: You are dopey. (Int -2) [Xom's mischief]
  2818 | D:3      | Gained mutation: You are very dopey. (Int -4) [Xom's
                  | mischief]
  2818 | D:3      | Gained mutation: You are very clumsy. (Dex -4) [Xom's
                  | mischief]
  2865 | D:3      | XOM: god gift: wand of acid (4)
  2866 | D:3      | 2866 ||| READING 2 scrolls labelled MAASTR KONAR.
  2869 | D:3      | 2869 ||| READING scroll labelled MOH KOMIPLE.
  3011 | D:3      | 3011 ||| READING scroll labelled URYUPU ZUNON.
  3012 | D:3      | 3012 ||| READING 3 scrolls of identify.
  3012 | D:3      | 3012 ||| IDENTIFYING fuming brown potion
  3013 | D:3      | 3013 ||| READING 2 scrolls of identify.
  3013 | D:3      | 3013 ||| IDENTIFYING lumpy sapphire potion
  3014 | D:3      | 3014 ||| DROPPING potion of degeneration.
  3015 | D:3      | 3015 ||| DROPPING potion of berserk rage.
  3033 | D:4      | Found a staircase to the Ecumenical Temple.
  3037 | D:4      | 3037 ||| STAIRDANCE
  3048 | D:4      | 3048 ||| STAIRDANCE
  3064 | D:3      | Reached skill level 3 in Armour
  3237 | D:4      | 3237 ||| STAIRDANCE
  3251 | D:4      | 3251 ||| STAIRDANCE
  3316 | D:4      | 3316 ||| STAIRDANCE
  3336 | D:4      | 3336 ||| STAIRDANCE
  3447 | D:4      | 3447 ||| PLANNING TEMPLE
  3447 | D:4      | 3447 ||| Stepping ~*~*~tactically~*~*~ (stealth).
  3448 | D:4      | 3448 ||| Stepping ~*~*~tactically~*~*~ (stealth).
  3449 | D:4      | 3449 ||| Stepping ~*~*~tactically~*~*~ (stealth).
  3450 | D:4      | 3450 ||| Stepping ~*~*~tactically~*~*~ (stealth).
  3490 | D:4      | 3490 ||| Stepping ~*~*~tactically~*~*~ (stealth).
  3517 | D:4      | 3517 ||| Stepping ~*~*~tactically~*~*~ (stealth).
  3597 | D:4      | XOM: stat loss: -2 Int (7/9)
  3720 | Temple   | Entered the Ecumenical Temple
  3747 | Temple   | 3747 ||| PLANNING D:1-11
  3789 | D:4      | Found a snail-covered altar of Cheibriados.
  3929 | D:4      | Found a white marble altar of Elyvilon.
  4003 | D:4      | 4003 ||| Stepping ~*~*~tactically~*~*~ (stealth).
  4026 | D:4      | Reached XP level 6. HP: 48/48 MP: 6/6
  4070 | D:4      | 4070 ||| DROPPING +0 whip.
  4168 | D:4      | XOM: torment (25/48 hp)
  4421 | D:4      | XOM: scenery: summon butterflies
  4459 | D:4      | XOM: give mutation
  4459 | D:4      | Gained mutation: You are frail. (-10% HP) [Xom's mischief]
  4461 | D:4      | Found a sparkling altar of Nemelex Xobeh.
  4484 | D:4      | 4484 ||| Stepping ~*~*~tactically~*~*~ (hiding).
  4808 | D:4      | Found a sacrificial altar of Ru.
  4808 | D:4      | Found an iron altar of Okawaru.
  4811 | D:4      | Found an ancient bone altar of Kikubaaqudgha.
  4812 | D:4      | Found a hide-covered altar of Uskayaw.
  4813 | D:4      | Found an ornate altar of the Wu Jian Council.
  4818 | D:4      | Became a worshipper of Warmaster Okawaru
  4825 | D:4      | 4825 ||| READING scroll labelled ODOIDI QAATUO.
  4826 | D:4      | 4826 ||| DRINKING 2 clear potions.
  4872 | D:5      | XOM: noise
  4872 | D:5      | Entered Level 5 of the Dungeon
  4885 | D:5      | 4885 ||| Stepping ~*~*~tactically~*~*~ (stealth).
  4904 | D:5      | 4904 ||| Stepping ~*~*~tactically~*~*~ (stealth).
  4905 | D:5      | 4905 ||| Stepping ~*~*~tactically~*~*~ (stealth).
  4927 | D:5      | Reached skill level 7 in Axes
  4935 | D:5      | HP: 9/43 [bullfrog (2)]
  4936 | D:5      | 4936 ||| READING scroll of teleportation.
  4937 | D:5      | 4937 ||| DRINKING potion of heal wounds.
  4940 | D:5      | Noticed a black bear
  4947 | D:5      | 4947 ||| Stepping ~*~*~tactically~*~*~ (stealth).
  4948 | D:5      | Killed a black bear
  4948 | D:5      | Reached * piety under Okawaru
  4949 | D:5      | Reached skill level 8 in Axes
  4949 | D:5      | Reached XP level 7. HP: 22/48 MP: 7/7
  4949 | D:5      | 4949 ||| INVOKING Heroism.
  5143 | D:5      | 5143 ||| Stepping ~*~*~tactically~*~*~ (stealth).
  5144 | D:5      | 5144 ||| INVOKING Heroism.
  5151 | D:5      | 5151 ||| Stepping ~*~*~tactically~*~*~ (stealth).
  5154 | D:5      | 5154 ||| INVOKING Heroism.
  5159 | D:5      | HP: 11/49 [centaur (4)]
  5164 | D:5      | Reached skill level 1 in Invocations
  5173 | D:5      | 5173 ||| INVOKING Heroism.
  5176 | D:5      | HP: 8/49 [hound (3)]
  5440 | D:5      | 5440 ||| READING 2 scrolls of enchant weapon.
  5440 | D:5      | 5440 ||| ENCHANTING +1 war axe.
  5441 | D:5      | 5441 ||| READING scroll of enchant weapon.
  5441 | D:5      | 5441 ||| ENCHANTING +2 war axe.
  5448 | D:5      | 5448 ||| Stepping ~*~*~tactically~*~*~ (stealth).
  5449 | D:5      | 5449 ||| Stepping ~*~*~tactically~*~*~ (stealth).
  5543 | D:5      | XOM: give mutations
  5543 | D:5      | Lost mutation: You are very clumsy. (Dex -4) [Xom's
                  | mischief]
  5543 | D:5      | Gained mutation: You occasionally lose the ability to drink
                  | potions when taking damage. [Xom's mischief]
  5543 | D:5      | Lost mutation: You are frail. (-10% HP) [Xom's mischief]
  5543 | D:5      | Lost mutation: Armour fits poorly on your strangely shaped
                  | body. [Xom's mischief]
  5601 | D:5      | Found Vish's CLEARANCE SALE!.
  5611 | D:5      | 5611 ||| BUYING scroll of enchant armour (37 gold).
  5611 | D:5      | Bought a scroll of enchant armour for 37 gold pieces
  5611 | D:5      | 5611 ||| READING scroll of enchant armour.
  5611 | D:5      | 5611 ||| ENCHANTING +0 pair of gloves.
  5671 | D:5      | 5671 ||| INVOKING Heroism.
  5701 | D:5      | 5701 ||| INVOKING Heroism.
  5755 | D:5      | 5755 ||| INVOKING Heroism.
  5761 | D:5      | Reached skill level 1 in Throwing
  5761 | D:5      | Reached skill level 3 in Invocations
  5761 | D:5      | Reached XP level 8. HP: 62/62 MP: 7/10
  5989 | D:5      | 5989 ||| INVOKING Heroism.
  6140 | D:5      | 6140 ||| READING scroll of enchant armour.
  6140 | D:5      | 6140 ||| ENCHANTING +1 pair of gloves.
  6147 | D:5      | 6147 ||| Stepping ~*~*~tactically~*~*~ (hiding).
  6413 | D:5      | XOM: summons 10 hostile demons
  6414 | D:5      | 6414 ||| INVOKING Heroism.
  6530 | D:5      | Noticed Blork the orc
  6531 | D:5      | 6531 ||| INVOKING Heroism.
  6544 | D:5      | Killed Blork the orc
  6640 | D:5      | XOM: stat loss: -2 Dex (7/9)
  6711 | D:5      | 6711 ||| READING scroll labelled QEL CEYSICKOPO.
  6712 | D:5      | 6712 ||| READING scroll labelled FOKKOI LUWKUU.
  6713 | D:5      | 6713 ||| READING 4 scrolls of identify.
  6713 | D:5      | 6713 ||| IDENTIFYING bubbling brown potion
  6714 | D:5      | 6714 ||| DRINKING potion of mutation.
  6714 | D:5      | Lost mutation: You are very dopey. (Int -4) [potion of
                  | mutation]
  6714 | D:5      | Lost mutation: Your spells are a little easier to cast, but
                  | a little less powerful. [potion of mutation]
  6714 | D:5      | Gained mutation: Potions are less effective at restoring
                  | your health. [potion of mutation]
  6714 | D:5      | Gained mutation: Your system is resistant to poisons.
                  | (rPois) [potion of mutation]
  6715 | D:5      | 6715 ||| READING 3 scrolls of identify.
  6715 | D:5      | 6715 ||| IDENTIFYING brown potion
  6716 | D:5      | 6716 ||| READING 2 scrolls of identify.
  6716 | D:5      | 6716 ||| IDENTIFYING golden potion
  6717 | D:5      | 6717 ||| DROPPING potion of brilliance.
  6718 | D:5      | 6718 ||| DROPPING potion of invisibility.
  6735 | D:6      | 6735 ||| INVOKING Heroism.
  6742 | D:6      | Reached skill level 9 in Axes
  6827 | D:6      | 6827 ||| Stepping ~*~*~tactically~*~*~ (stealth).
  6831 | D:6      | 6831 ||| Stepping ~*~*~tactically~*~*~ (hiding).
  6833 | D:6      | 6833 ||| Stepping ~*~*~tactically~*~*~ (hiding).
  6835 | D:6      | 6835 ||| Stepping ~*~*~tactically~*~*~ (hiding).
  6837 | D:6      | 6837 ||| Stepping ~*~*~tactically~*~*~ (hiding).
  6838 | D:6      | 6838 ||| INVOKING Heroism.
  6957 | D:6      | 6957 ||| DROPPING +1 mace of holy wrath.
  6969 | D:6      | Reached ** piety under Okawaru
  6970 | D:6      | Reached skill level 6 in Fighting
  7019 | D:6      | 7019 ||| INVOKING Heroism.
  7020 | D:6      | HP: 10/59 [wight/+5 battleaxe of freezing (6)]
  7023 | D:6      | Slain by a wight

Levels and vault maps discovered:
D:1:      dpeg_arrival_water_temple_mockup, layout_rooms,
          nicolae_ecumenical_snake_handling
D:2:      layout_basic
D:3:      layout_rooms, pdpol_temple_overflow_zin_treasury_gozag_greed,
          serial_shops, shop, minmay_checkerbox
D:4:      layout_loops_ring, lemuel_crystal_altar, nemelex_spade_bored_becter,
          nicolae_elyvilon_temple_path, minitemple,
          minmay_temple_entry_statues_fountains
D:5:      layout_basic, nicolae_shop_clearance, uniq_blork_the_orc
D:6:      layout_layer_cave, ebering_dispersal_statue_hall, minmay_mini_ossuary
Temple:   corrupted_temple

Skill      XL: |  1  2  3  4  5  6  7  8 |
---------------+-------------------------+-----
Axes           | 4 5 6 8 9 |  9.1
Armour         | 3 4 |  4.4
Fighting       | 4 5 6 |  6.0
Invocations    | 3 4 |  4.1
Throwing       | 1 |  1.2
Dodging        | |  1.1

Action                   |  1- 3 |  4- 6 |  7- 9 || total
-------------------------+-------+-------+-------++-------
Melee: Hand axe          |   124 |    26 |       ||   150
       Punch             |     2 |     3 |     2 ||     7
       War axe           |       |   211 |   115 ||   326
Throw: Boomerang         |       |     7 |    27 ||    34
Invok: Renounce Religion |     1 |       |       ||     1
       Heroism           |       |       |    13 ||    13
  Use: Scroll            |     2 |    12 |     9 ||    23
       Potion            |     1 |     3 |     1 ||     5
Armor: Leather armour    |    52 |       |       ||    52
       Chain mail        |    18 |   160 |    89 ||   267
Dodge: Dodged            |    66 |    89 |    51 ||   206

Table legend:
 A = Non-vault XP
 B = Vault XP
 C = Vault XP percentage of total XP
 D = Non-vault monster count
 E = Vault monster count
 F = Vault count percentage of total count
                 A         B        C        D         E       F
            +---------+---------+-------+---------+---------+-------
      Total |    1958 |     103 |   5.0 |     109 |       6 |   5.2
            +---------+---------+-------+---------+---------+-------
        D:1 |      51 |       1 |   1.9 |      31 |       1 |   3.1
        D:2 |      77 |       0 |   0.0 |      17 |       0 |   0.0
        D:3 |      55 |      11 |  16.7 |      18 |       4 |  18.2
        D:4 |     150 |       0 |   0.0 |      17 |       0 |   0.0
        D:5 |    1324 |      91 |   6.4 |      18 |       1 |   5.3
        D:6 |     301 |       0 |   0.0 |       8 |       0 |   0.0
            +---------+---------+-------+---------+---------+-------
